 Dungeon Crawl Stone Soup version 0.19.1-1-g22dce08 (webtiles) character file.

22 ponk the Grave Robber (level 2, -5/19 HPs)
             Began as a Mummy Necromancer on Jan 8, 2017.
             Slain by Sigmund
             ... wielding a +0 scythe
              (10 damage)
             ... on level 1 of the Dungeon.
             The game lasted 00:05:04 (1011 turns).

ponk the Grave Robber (Mummy Necromancer)           Turns: 1011, Time: 00:05:05

Health: -5/19      AC:  2    Str: 11    XL:     2   Next: 68%
Magic:  5/5        EV: 12    Int: 14    God:
Gold:   107        SH:  0    Dex: 12    Spells: 2 memorised, 3 levels left

rFire  x . .     SeeInvis .     c - +0 dagger (curse)
rCold  + . .     Gourm    .     a - +0 robe
rNeg   + + +     Faith    .     (no shield)
rPois  ∞         Spirit   .     (no helmet)
rElec  .         Reflect  .     (no cloak)
rCorr  .         Harm     .     (no gloves)
MR     .....                    (no boots)
Stlth  ++........               (no amulet)
                                (no ring)
                                (no ring)

@: no status effects
A: no food or potions, fire vulnerability, cold resistance 1, negative energy
resistance 3, torment resistance, unbreathing
a: no special abilities


You were on level 1 of the Dungeon.
You were not hungry.

You visited 1 branch of the dungeon, and saw 2 of its levels.

You collected 107 gold pieces.

Inventory:

Hand Weapons
 c - a cursed +0 dagger (weapon)
Armour
 a - a +0 robe (worn)
Scrolls
 d - 2 scrolls of identify {unknown}
 e - 3 scrolls of teleportation {unknown}
 f - a scroll of fear {unknown}
 g - a scroll of blinking {unknown}
Books
 b - a book of Necromancy

   Spells                             Type                      Level
   a - Pain                           Necromancy                   1
   b - Animate Skeleton               Necromancy                   1
   c - Vampiric Draining              Necromancy                   3
   d - Regeneration                   Charms/Necromancy            3
   e - Animate Dead                   Necromancy                   4
   f - Control Undead                 Necromancy                   4


   Skills:
 + Level 1.6 Dodging
 + Level 1.6 Stealth
 + Level 2.3 Spellcasting
 + Level 4.5 Necromancy


You had 3 spell levels left.
You knew the following spells:

 Your Spells              Type           Power        Failure   Level  Hunger
a - Pain                  Necr           ##..         3%          1    N/A
b - Animate Skeleton      Necr           N/A          3%          1    N/A

Dungeon Overview and Level Annotations

Branches:
Dungeon (2/15)

Altars:

Annotations:
D:1 Sigmund


Innate Abilities, Weirdness & Mutations

You do not eat or drink.
Your flesh is vulnerable to fire.
You are immune to poison.
Your flesh is cold resistant. (rC+)
You are immune to negative energy. (rN+++)
You are immune to unholy pain and torment.
You can survive without breathing.


Message History

There is a stone staircase leading down here.
You climb downwards.
Sigmund the Dreaded comes into view.
He is wielding a scythe.
There is a stone staircase leading up here.
You climb upwards.
There is a stone staircase leading down here.
You climb downwards.
Level annotation: Sigmund Sigmund shouts!
Sigmund drinks a potion.
Sigmund seems to grow stronger.
There is a stone staircase leading up here.
Sigmund hits you with a scythe!
Ouch! That really hurt!
* * * LOW HITPOINT WARNING * * *
Sigmund barely misses you.
You climb upwards.
There is a stone staircase leading down here.
Sigmund hits you from afar with a scythe!
Ouch! That really hurt!
You die...

#.#.####.###.#.#######...
######'#..# #......Z#
#.....
#.........###.#####.#
#♣..#.
#...................#
#..##.
#.......##.##%#####.#
#..... #.......##..#.#
#Z# #####.
######'####.#.# #Z# ##
#.# #...# #.# # #.# ##.@#
#.# # #.#####..# #.# #
#.....[@># #.# #
########## #Z##########
#..........# ##########.#
#########.# #.........#
#.#########


You could see Sigmund.

Vanquished Creatures
  2 dart slugs (D:1)
  A ball python (D:1)
  A giant cockroach (D:1)
  4 goblins (D:1)
  2 hobgoblins (D:1)
  3 bats (D:1)
  A frilled lizard (D:1)
  2 kobolds (D:1)
  A rat (D:1)
17 creatures vanquished.

Vanquished Creatures (collateral kills)
  A hobgoblin (D:1)
1 creature vanquished.

Grand Total: 18 creatures vanquished

Notes
Turn   | Place    | Note
-------+----------+-------------------------------------------
     0 | D:1      | ponk the Mummy Necromancer began the quest for the Orb.
     0 | D:1      | Reached XP level 1. HP: 13/13 MP: 3/3
     9 | D:1      | Learned a level 1 spell: Animate Skeleton
   299 | D:1      | Reached XP level 2. HP: 15/19 MP: 0/5
  1002 | D:2      | Noticed Sigmund
  1011 | D:1      | Slain by Sigmund

Action                   || total
-------------------------++-------
Melee: Dagger            ||    14
 Cast: Pain              ||    24
       Animate Skeleton  ||     4
Armor: Robe              ||     2
Dodge: Dodged            ||     8
